Unix NetHack Version 5.0.0-0 post-release - last build Jun 10 2026 00:39:30 (3ee93aec679c4c4259841fe613dc97188e26a321,branch:main).

Game began 2026-07-05 17:11:09, ended 2026-07-05 21:39:01.

ARFwashere, neutral male human Tourist

                      ---               ----                               ----
       ------------  --.----         ----..|                               |..|
       |..|.|..|..|  |.....|         |.....|                               |..|
       |..........| --....--         |..----                               --.|
  -------........----....---        --..--                                 --.|
  |........................------  --....|                   ---          --..|
  |...-.--.......----...--...--.----....----                --.--         |...|
  ---..........>.---.....|--...............|       ----     |...--   ---  --..|
    --...................-----......--..--.-----   |..---   |....|   |.-- --..|
 -----.......--............|...........-||.....|   |....-----....|   |..---...|
--..|......--------.....................------.----|.......|....--   |......|.|
|................................-.........--|....-----.........|    |.....-|.|
--.......---------...........-...............|---...| ---......--    |.|..--|.|
 -----.--- --------..--..--..................|  ---.|--|.......--    |.|--- |.|
     ---   |.o.............................---    |.|.--.|......--   |.|    |.|
      ------.--.........................----    ---......--......----|.|    |.|
      |..hG..||..----..--..........---.--       |....................|.|    |.|
      |ooGdh#-----  |.............-| ---        |...--..------------...--  --.|
      |0.o@-###########......#--...|            --......|          --...|  |..|
      ---o--          ---....| --.--             --------           --.--  |..|
        ---             ------  ---                                  ---   ----
ARFwashere the Excursionist  St:15 Dx:12 Co:11 In:11 Wi:8 Ch:18  Neutral
Dlvl:5  $:481 HP:0(39) Pw:28(28) AC:-1 Xp:6 T:7344  Hungry   Burdened

Latest messages:
 The dog bites the hill orc.
 The hill orc hits the dog.
 The dog bites the gnome lord.
 The gnome lord thrusts his dagger at the dog.
 The gnome lord hits the dog.
 The hill orc picks up 14 gold pieces.
 The gnome lord thrusts his dagger.
 The gnome lord hits!
 The dwarf wields a thonged club!
 The dwarf secures the tether on the thonged club.
 The dwarf swings his pick-axe.
 The dwarf hits!
 You miss the dwarf.
 The dwarf wields a broad short sword!
 You miss the dwarf.
 The gnome lord thrusts his dagger.
 The gnome lord hits!
 You climb up the stairs.
 You are beginning to feel hungry.
 The dog picks up a whistle called tin.
 The dog drops a whistle called tin.
 The dog picks up a whistle called tin.
 The dog drops a whistle called tin.
 What do you want to drop? [$ac-npqs-yBDEG-QS-UW or ?*] G
 You drop a scroll labeled ABRA KA DABRA.
 The scroll labeled ABRA KA DABRA falls down the stairs.
 You fall down the stairs.
 The dog bites the hill orc.
 You hear some noises in the distance.
 The gnome lord thrusts his dagger.
 The gnome lord hits!
 The dwarf wields a thonged club!
 The dwarf secures the tether on the thonged club.
 You have a little trouble lifting G - a scroll labeled ABRA KA DABRA.
 The dog misses the dwarf.
 The hill orc swings her curved sword.
 The hill orc hits!
 The gnome lord thrusts his dagger.
 The gnome lord hits!
 The dwarf wields a broad short sword!
 The dwarf swings his pick-axe.
 The dwarf hits!
 The dog misses the dwarf.
 The hill orc swings her curved sword.
 The hill orc hits!
 The gnome lord thrusts his dagger.
 The gnome lord hits!
 You die...
 Do you want your possessions identified? [ynq] (y) n
 Do you want to see your attributes? [ynq] (y) q

Inventory:
 Coins    ('$')
  $ - 481 gold pieces
 Amulets  ('"')
  Q - an uncursed amulet of magical breathing
 Weapons  (')')
  U - 14 +2 darts
  M - 3 +0 daggers (at the ready)
  a - a +0 dwarvish short sword (weapon in right hand)
 Armor    ('[')
  x - an uncursed +0 dwarvish iron helm (being worn)
  O - an uncursed +0 pair of leather gloves (being worn)
  y - an uncursed +0 pair of iron shoes (being worn)
  B - a blessed +0 dwarvish cloak (being worn)
  l - an uncursed +0 Hawaiian shirt with a hibiscus flower motif (being worn)
  w - an uncursed +0 dwarvish mithril-coat (being worn)
 Comestibles  ('%')
  q - an uncursed clove of garlic
  c - 3 uncursed food rations
  v - an uncursed lembas wafer
  f - an uncursed sprig of wolfsbane
  d - 2 uncursed tripe rations
 Scrolls  ('?')
  D - 2 uncursed scrolls of blank paper
  e - a cursed scroll of enchant armor
  S - an uncursed scroll of enchant weapon
  G - an uncursed scroll of light
  j - a blessed scroll of magic mapping
  k - 2 uncursed scrolls of magic mapping
 Potions  ('!')
  i - a blessed potion of extra healing
  h - an uncursed potion of extra healing
  E - an uncursed potion of fruit juice
  W - an uncursed potion of gain ability
  T - an uncursed potion of gain energy
  N - a cursed potion of gain level
  H - an uncursed potion of invisibility
  J - an uncursed potion of monster detection
  g - an uncursed potion of water
 Rings    ('=')
  u - a blessed +1 ring of gain constitution
 Wands    ('/')
  I - a wand of cancellation (0:3)
  P - a wand of secret door detection (0:12)
  s - a wand of sleep (0:3)
  t - a wand of striking (0:4)
 Tools    ('(')
  L - an uncursed wooden flute
  n - an uncursed credit card
  m - an expensive camera (0:51)
  p - a +0 pick-axe
  K - a cursed stethoscope

ARFwashere the Tourist's attributes:

Background:
 You were an Excursionist, a level 6 male human Tourist.
 You were neutral, nominally on a mission for The Lady
 who was opposed by Blind Io (lawful) and Offler (chaotic).
 You were right-handed.
 You were in the Gnomish Mines, on level 5.
 You entered the dungeon 7344 turns ago.
 You had 532 experience points, 108 more were needed to attain level 7.

Basics:
 You had 0 out of 39 hit points.
 You had all 28 energy points (spell power).
 Your armor class was -1.
 Your wallet contained 481 zorkmids.
 Autopickup was on for '$' plus thrown.

Final Characteristics:
 Your strength was 15 (limit:18/100).
 Your dexterity was 12 (limit:18).
 Your constitution was 11 (peak:14, limit:18).
 Your intelligence was 11 (limit:18).
 Your wisdom was 8 (limit:18).
 Your charisma was 18 (limit:18).

Final Status:
 You were hungry.
 You were burdened; movement was slightly slowed.
 You were wielding a short sword.
 You had basic skill with short sword.

Final Attributes:
 You were piously aligned.
 Your items were somewhat protected from fire.
 Your items were somewhat protected from cold.
 You were telepathic.
 You were guarded.
 You are dead.

Miscellaneous:
 You didn't encounter any bones levels.
 Total elapsed playing time was 1 hour, 16 minutes and 58 seconds.

Major events:
 Turn
    1: ARFwashere the neutral male human Tourist entered the dungeon
  282: entered the Gnomish Mines
  985: attained the rank of Sightseer (level 3)
 4502: attained the rank of Excursionist (level 6)
 7344: killed by a gnome lord

You didn't know any spells.

Skills:
 Fighting Skills
   bare handed combat [Unskilled]
   two weapon combat  [Unskilled]
   riding             [Unskilled]
 Weapon Skills
   dagger             [Skilled]
   knife              [Unskilled]
   axe                [Unskilled]
   pick-axe           [Unskilled]
   short sword        [Basic]
   broadsword         [Unskilled]
   long sword         [Unskilled]
   two-handed sword   [Unskilled]
   saber              [Unskilled]
   mace               [Unskilled]
   morning star       [Unskilled]
   flail              [Unskilled]
   hammer             [Unskilled]
   quarterstaff       [Unskilled]
   polearms           [Unskilled]
   spear              [Unskilled]
   trident            [Unskilled]
   lance              [Unskilled]
   bow                [Unskilled]
   sling              [Unskilled]
   crossbow           [Unskilled]
   dart               [Basic]
   shuriken           [Unskilled]
   boomerang          [Unskilled]
   whip               [Unskilled]
   unicorn horn       [Unskilled]
 Spellcasting Skills
   divination spells  [Unskilled]
   enchantment spells [Unskilled]
   escape spells      [Unskilled]

Voluntary challenges:
 Character rerolling was not enabled.
 You were an atheist.
 You never genocided any monsters.
 You never polymorphed an object.
 You never changed form.
 You used no wishes.
Achievements:
 You entered the Gnomish Mines.
 You attained the rank of Sightseer.
 You entered a shop.
 You attained the rank of Excursionist.

 The Dungeons of Doom: levels 1 to 6
    Level 1:
    Level 2:
       A sink.
       Stairs down to The Gnomish Mines.
    Level 3:
       A fountain, a sink.
    Level 4:
       A fountain.
    Level 5:
    Level 6:
       A food shop, a fountain.
 The Gnomish Mines: levels 3 to 5
    Level 3:
    Level 4:
    Level 5: <- You were here.
       Final resting place for
          you, killed by a gnome lord.


Vanquished creatures:
  2 human zombies
  a rock mole
  a fog cloud
  2 yellow lights
  3 shriekers
  5 gnome leaders
  4 elf zombies
  a paper golem
  a giant ant
  2 floating eyes
  5 dwarves
  2 homunculi
  a hill orc
  8 rothes
  a rabid rat
  a giant bat
  a monkey
  3 dwarf zombies
  a wererat
  3 iguanas
  a gas spore
  2 hobbits
  2 manes
  6 giant rats
  2 yellow molds
  a red mold
 21 gnomes
  7 garter snakes
  2 gnome zombies
  a gecko
  2 jackals
  a fox
  a kobold
  2 goblins
  7 sewer rats
  2 grid bugs
  4 lichens
  a kobold zombie
 10 newts
123 creatures vanquished.

No species were genocided or became extinct.

Game over:
                       ----------
                      /          \
                     /    REST    \
                    /      IN      \
                   /     PEACE      \
                  /                  \
                  |    ARFwashere    |
                  |      481 Au      |
                  |   killed by a    |
                  |    gnome lord    |
                  |                  |
                  |                  |
                  |       2026       |
                 *|     *  *  *      | *
        _________)/\\_//(\/(/\)/\//\/|_)_______

Aloha ARFwashere the Tourist...

You died in The Gnomish Mines on dungeon level 5 with 2587 points,
and 481 pieces of gold, after 7344 moves.
You were level 6 with a maximum of 39 hit points when you died.

